AoeStats
← rafa

Arabia

510202973Analyzed
2v2 RM · 2d ago on Sep 29, 2026· 30m 12s· 4 players
Game mode
Random Map
Map size
Medium (4 player)
Population
200
Speed
Normal
Resources
Standard
Victory
Conquest
Starting age
Dark Age
Ending age
Imperial Age
RankedLock teamsTeams togetherTeam positionsShared explorationLock speedFull tech treeHidden civsTurbo modeCheats
Victory
Defeat
🇺🇸 Cumans · United States
1169
+34
🇺🇸 Jurchens · United States
1025
+20
🇦🇷 Spanish · Argentina
1120
-17
🇦🇷 Franks · Argentina
1093
-16
Quilted Codpiece
7:51 Loom
10:14 Feudal Age
14:07 Castle Age
15:44 Double-Bit Axe
18:26 Squires
19:13 Arson
23:11 Scale Mail Armor
23:22 Forging
23:59 Gambesons
30:09 Padded Archer Armor
30:27 Chain Mail Armor
kspecific2011
7:58 Loom
10:10 Feudal Age
10:22 Man-at-Arms
15:46 Scale Barding Armor
22:26 Double-Bit Axe
22:23 Horse Collar
25:10 Wheelbarrow
29:50 Castle Age
28:52 Forging
29:47 Gold Mining
eltetedehaedo
7:52 Loom
10:19 Feudal Age
21:51 Castle Age
20:27 Man-at-Arms
23:21 Double-Bit Axe
27:32 Forging
28:47 Scale Barding Armor
rafa
6:46 Loom
9:15 Feudal Age
10:30 Double-Bit Axe
20:02 Wheelbarrow
25:17 Man-at-Arms
Connection lost

Rejoining the realm…

Still unreachable

The connection could not be restored.

Session expired

The server has moved on; the page needs a fresh start.